 Dungeon Crawl Stone Soup version 0.19-a0-459-gb8ed64d (webtiles) character file.

238 Delvonshi the Skirmisher (level 5, 0/48 HPs)
             Began as a Minotaur Fighter on June 2, 2016.
             Slain by an orc
             ... wielding a +0 flail
              (3 damage)
             ... on level 4 of the Dungeon.
             The game lasted 00:02:58 (2514 turns).

Delvonshi the Skirmisher (Minotaur Fighter)         Turns: 2514, Time: 00:02:59

Health: 0/48       AC:  7    Str: 21    XL:     5   Next: 78%
Magic:  4/4        EV: 10    Int:  5    God:
Gold:   109        SH:  9    Dex: 10    Spells: 0 memorised, 4 levels left

rFire  . . .     SeeInvis .     a - +0 flail
rCold  . . .     Gourm    +     b - +0 scale mail
rNeg   . . .     Faith    .     c - +0 shield
rPois  .         Spirit   .     (helmet restricted)
rElec  .         Dismiss  .     (no cloak)
rCorr  .         Reflect  .     (no gloves)
SustAt .         Harm     .     (no boots)
MR     .....                    j - amulet of the gourmand
Stlth  ..........               (no ring)
                                i - +3 ring of evasion

@: not resistant to hostile enchantments, extremely unstealthy
A: retaliatory headbutt, horns 2
a: no special abilities


You were on level 4 of the Dungeon.
You were completely stuffed.

You visited 1 branch of the dungeon, and saw 4 of its levels.

You collected 109 gold pieces.

Inventory:

Hand Weapons
 a - a +0 flail (weapon)
Armour
 b - a +0 scale mail (worn)
 c - a +0 shield (worn)
Jewellery
 i - a +3 ring of evasion (left hand)
 j - an amulet of the gourmand (around neck)
Wands
 v - a wand of flame (39/48)
Scrolls
 g - a scroll of magic mapping {unknown}
 o - 2 scrolls of teleportation {unknown}
 p - a scroll of recharging {unknown}
 s - 2 scrolls of immolation {unknown}
 t - a scroll of remove curse {unknown}
Potions
 d - 2 potions of might
 e - a potion of curing {unknown}
 h - a potion of brilliance {unknown}
 k - a potion of cancellation {unknown}
 l - a potion of mutation {unknown}
 n - 3 potions of degeneration {unknown}
 r - a potion of magic {unknown}
 w - a potion of haste {unknown}
Comestibles
 f - 2 bread rations
 m - 3 fruits
 q - a meat ration
 u - a slice of pizza
 x - 3 chunks of flesh


   Skills:
 + Level 5.3 Fighting
 + Level 4.3 Maces & Flails
 + Level 4.8 Armour
 + Level 4.7 Shields


You had 4 spell levels left.
You didn't know any spells.

Dungeon Overview and Level Annotations

Branches:
Dungeon (4/15)
 Temple: D:4-7

Altars:
Gozag
Yredelemnul


Innate Abilities, Weirdness & Mutations

You reflexively headbutt those who attack you in melee.
You have a pair of horns on your head.


Message History

* * * LOW HITPOINT WARNING * * *
You hit the orc priest but do no damage.
The orc priest is moderately wounded.
The orc priest hits you with a whip.
* * * LOW HITPOINT WARNING * * *
Unknown command.
You hit the orc priest.
The orc priest is heavily wounded.
You block the orc priest's attack.
You hit the orc priest but do no damage.
The orc priest is heavily wounded.
The orc priest calls down the wrath of Beogh upon you.
Pain shoots through your body!
* * * LOW HITPOINT WARNING * * *
You sock the orc priest!
You kill the orc priest!
You block the orc's attack.
You hit the orc but do no damage. Your headbutt misses the orc.
The orc hits you with a flail.
You die...

###### #<...#
####.# .#######.#
.........# .#
.###.....#####...#
...........@o....#
.###.....####....#
#.....# .#>..
#.....# # #
#.....# #.....#
#.....# #.....


You could see an orc.

Vanquished Creatures
  An orc priest (D:4)
  An orc wizard (D:4)
  6 adders
  6 worms
  4 dart slugs (D:2)
  5 giant geckos
  10 orcs
  4 giant cockroaches
  11 goblins
  9 hobgoblins
  2 quokkas
  2 ball pythons
  2 bats
  3 giant newts
  10 kobolds
  13 rats
89 creatures vanquished.

Notes
Turn   | Place    | Note
--------------------------------------------------------------
     0 | D:1      | Delvonshi the Minotaur Fighter began the quest for the Orb.
     0 | D:1      | Reached XP level 1. HP: 19/19 MP: 0/0
   304 | D:1      | Reached XP level 2. HP: 25/26 MP: 1/1
   864 | D:2      | Reached skill level 4 in Fighting
   864 | D:2      | Reached XP level 3. HP: 31/33 MP: 2/2
  1407 | D:2      | Reached XP level 4. HP: 41/41 MP: 3/3
  1986 | D:3      | Found a basalt altar of Yredelemnul.
  2136 | D:3      | Found an opulent altar of Gozag.
  2152 | D:3      | Reached XP level 5. HP: 38/47 MP: 4/4
  2208 | D:3      | Found an opulent altar of Gozag.
  2380 | D:3      | Reached skill level 5 in Fighting
  2512 | D:4      | HP: 2/48 [orc priest/nerve-wracking pain (3)]
  2514 | D:4      | Slain by an orc

Vault maps used:
D:1:      kennysheep_arrival_seaside, minmay_misc_feat_hallway, minmay_cut_off
D:2:      minmay_rat_gold_closets
D:3:      overflow_temple_1_default, yredelemnul_altar_generic,
          nicolae_gozag_seed_capital
D:4:      lemuel_crystal_altar, kennysheep_little_box, first_bread

Skill      XL: |  1  2  3  4  5 |
---------------+----------------+-----
Shields        | 4 |  4.7
Fighting       | 4 5 |  5.3
Maces & Flails | 3 4 |  4.3
Armour         | 4 |  4.8

Action                   |  1- 3 |  4- 6 || total
-------------------------+-------+-------++-------
Melee: Flail             |   104 |   114 ||   218
       Headbutt          |    17 |    19 ||    36
  Eat: Chunk             |     4 |    10 ||    14
Armor: Scale mail        |    37 |    33 ||    70
Dodge: Dodged            |    32 |    24 ||    56
Block: Shield            |    42 |    50 ||    92
